 Dungeon Crawl Stone Soup version 0.26.1-11-gd32895ea62 (webtiles) character file.

Game seed: 1102864785923973365

583 vvl the Changer (level 7, 0/57 HPs)
             Began as a Green Draconian Transmuter on July 15, 2021.
             Slain by a mummy (13 damage)
             ... in an ossuary.
             The game lasted 00:14:03 (5565 turns).

vvl the Changer (Green Draconian Transmuter)        Turns: 5565, Time: 00:14:04

Health: 0/57       AC:  7    Str: 14    XL:     7   Next: 14%
Magic:  11/11      EV: 12    Int: 14    God:
Gold:   191        SH:  4    Dex: 11    Spells: 9/12 levels left

rFire    + . .     SeeInvis .   m - +0 broad axe (vorpal)
rCold    x . .     Faith    .   n - +0 buckler
rNeg     . . .     Spirit   .   (armour unavailable)
rPois    +         Reflect  .   (helmet currently unavailable)
rElec    .         Harm     .   (no cloak)
rCorr    +         Rampage  .   r - +0 pair of gloves
Will     .....                  (boots currently unavailable)
Stlth    +.........             (no amulet)
HPRegen  0.19/turn              p - ring of resist corrosion
MPRegen  0.12/turn              u - ring of fire

@: appendages (expiring)
A: breathe noxious fumes, unfitting armour, horns 2, talons 2, poison
resistance, cold-blooded, AC +6
a: Breathe Noxious Fumes, End Transformation


You were in an ossuary.
You had grown temporary horns.
You had grown temporary talons.
You visited 1 branch of the dungeon, and saw 5 of its levels.
You also visited: Ossuary.

You collected 191 gold pieces.

Inventory:

Hand Weapons
 m - a +0 vorpal broad axe (weapon)
Armour
 n - a +0 buckler (worn)
 r - a +0 pair of gloves (worn)
Jewellery
 p - a ring of resist corrosion (left hand)
 u - a ring of fire (right hand)
Wands
 w - a wand of flame (18)
Scrolls
 a - 2 scrolls of magic mapping
 d - a scroll of amnesia
 i - a scroll of blinking
 k - 2 scrolls of remove curse
 l - a scroll of enchant weapon
 t - a scroll of teleportation
Potions
 b - a potion of curing
 e - a potion of might {unknown}
 f - 3 potions of lignification {unknown}
 g - a potion of resistance {unknown}
 h - 2 potions of brilliance {unknown}
 j - 2 potions of cancellation {unknown}
 q - 2 potions of magic {unknown}
 s - 2 potions of attraction {unknown}
 v - a potion of heal wounds {unknown}
 x - a potion of flight {unknown}


   Skills:
 + Level 3.2 Fighting
 + Level 2.9 Dodging
 + Level 1.7 Shields
 + Level 3.9 Unarmed Combat
 + Level 3.0 Spellcasting
 + Level 2.3 Necromancy
 * Level 4.2 Transmutations
 + Level 1.6 Earth Magic


You had 9 spell levels left.
You knew the following spells:

 Your Spells              Type           Power        Failure   Level
a - Beastly Appendage     Tmut           28%          4%          1
b - Wereblood             Tmut           14%          8%          2

Your spell library contained the following spells:

 Spells                   Type           Power        Failure   Level
 Spider Form              Tmut/Pois      4%           34%         3
 Ice Form                 Ice/Tmut       8%           75%         4
 Blade Hands              Tmut           7%           80%         5


Dungeon Overview and Level Annotations

Branches:
Dungeon (5/15)            Ossuary (1/1)
 Temple: D:4-7

Altars:
Xom

Shops:
D:4 :   D:5 (


Innate Abilities, Weirdness & Mutations

You can breathe blasts of noxious fumes.
Your lurid green scales are hard. (AC +6)
You cannot fit into any form of body armour.
Your system is resistant to poisons. (rPois)
You are cold-blooded and may be slowed by cold attacks.
You have a pair of horns on your head.
You have razor-sharp toenails.


Message History

The mummy misses you.
You barely miss the mummy. You claw the mummy. You headbutt the mummy.
The mummy is moderately damaged.
You feel better.
You barely miss the mummy. You headbutt the mummy.
The mummy is heavily damaged.
You slash the mummy! The mummy completely misses you.
You slash the mummy! You claw the mummy, but do no damage.
The mummy is heavily damaged.
You hit the mummy. You barely miss the mummy. The mummy barely misses you.
The mummy hits you but does no damage. x2
You hit the mummy.
You tail-slap the mummy, but do no damage.
The mummy is severely damaged.
You hit the mummy. x2
Your transformation is almost over.
The mummy hits you!
* * * LOW HITPOINT WARNING * * *
The mummy hits you!
You die...

#####
#∩..#
#.∩.#
#M@M#
##M##
...
#+#'#
.# ##


You could see 3 mummies.

Vanquished Creatures
  2 centaurs (D:5)
  An ogre (D:4)
  A gnoll shaman (D:4)
  A centaur skeleton (D:5)
  Terence (D:3)
  2 worker ants
  7 gnolls
  5 adders
  A shadow imp (D:5)
  2 oozes
  3 worms
  3 dart slugs (D:1)
  A leopard gecko (D:4)
  2 orcs (D:5)
  6 bats
  2 giant cockroaches (D:3)
  9 goblins
  7 hobgoblins
  5 jackals
  2 ball pythons
  10 frilled lizards
  5 kobolds
  7 rats
85 creatures vanquished.

Notes
Turn   | Place    | Note
-------+----------+-------------------------------------------
     0 | D:1      | vvl the Draconian Transmuter began the quest for the Orb.
     0 | D:1      | Reached XP level 1. HP: 16/16 MP: 3/3
    87 | D:1      | Reached XP level 2. HP: 23/23 MP: 5/5
   739 | D:1      | Reached XP level 3. HP: 27/29 MP: 6/6
  1154 | D:2      | Reached skill level 1 in Necromancy
  1745 | D:2      | Found a shimmering altar of Xom.
  2122 | D:3      | Reached skill level 3 in Transmutations
  2122 | D:3      | Reached XP level 4. HP: 36/36 MP: 5/7
  2406 | D:3      | Learned a level 2 spell: Wereblood
  2849 | D:3      | Reached XP level 5. HP: 20/42 MP: 4/8
  3100 | D:3      | Noticed Terence
  3108 | D:3      | Killed Terence
  3884 | D:4      | Found Uhiahub's Book Shop.
  3909 | D:4      | Reached skill level 1 in Shields
  4214 | D:4      | Noticed an ogre
  4227 | D:4      | Killed an ogre
  4228 | D:4      | Reached skill level 1 in Earth Magic
  4228 | D:4      | Reached XP level 6. HP: 32/50 MP: 8/10
  5183 | D:5      | Entered Level 5 of the Dungeon
  5229 | D:5      | Noticed an ice beast
  5250 | D:5      | HP: 1/50 [centaur (5)]
  5252 | D:5      | Reached skill level 4 in Transmutations
  5499 | D:5      | Your scales start taking on a lurid green colour.
  5499 | D:5      | Reached XP level 7. HP: 12/57 MP: 11/11
  5499 | D:5      | Gained mutation: Your system is resistant to poisons.
                  | (rPois) [Green Draconian growth]
  5533 | D:5      | Found Ahasmuu's Weapon Shop.
  5543 | D:5      | Found a sand-covered staircase.
  5550 | Ossuary  | Entered an ossuary
  5565 | Ossuary  | Slain by a mummy

Illustrated notes

Levels and vault maps discovered:
D:1:      minmay_arrival_five_plusses, layout_basic, serial_co_window_serial,
          co_window_corner_a, co_window_of_opportunity_a,
          co_window_of_opportunity_a, co_window_paths_a, co_window_paths_a,
          co_window_of_opportunity_a, co_window_cross_1, co_window_2corner,
          co_window_of_opportunity_b, co_window_corner_cb, co_window_corner_b,
          co_window_unsneaky_path_b, glass_columns_c, glass_columns_c,
          glass_columns_a, minmay_misc_feat_five
D:2:      layout_loops_cross, lemuel_tele_altar
D:3:      layout_basic, fountainhead, uniq_terence
D:4:      layout_basic, serial_shops, kennysheep_little_box
D:5:      minmay_opposing_rooms, layout_basic, nicolae_ossuary_entry_monument,
          serial_shops, shop, uniq_sigmund
Ossuary:  ossuary_zaba_flooded

Skill      XL: |  1  2  3  4  5  6 |
---------------+-------------------+-----
Dodging        | 2 |  2.9
Necromancy     | 1 2 |  2.3
Fighting       | 2 3 |  3.2
Transmutations | 3 4 |  4.2
Shields        | 1 |  1.7
Earth Magic    | 1 |  1.6
Spellcasting   | 3 |  3.0
Unarmed Combat | |  3.9

Action                   |  1- 3 |  4- 6 |  7- 9 || total
-------------------------+-------+-------+-------++-------
Melee: Unarmed           |    92 |       |       ||    92
       Tailslap          |     8 |    14 |     1 ||    23
       Punch             |     3 |       |       ||     3
       Headbutt          |     7 |     9 |     2 ||    18
       Kick              |     6 |    17 |     2 ||    25
       Broad axe         |    33 |   127 |     7 ||   167
 Cast: Beastly Appendage |    16 |    20 |     1 ||    37
       Wereblood         |       |     3 |       ||     3
 Abil: Breathe Noxious F |       |       |     1 ||     1
  Use: Scroll            |       |     9 |       ||     9
       Potion            |       |     2 |     1 ||     3
 Stab: Sleeping          |       |     1 |       ||     1
Armor: Skin              |    57 |    58 |     5 ||   120
Dodge: Dodged            |    86 |   120 |     8 ||   214
Block: Buckler           |     1 |    32 |     1 ||    34
